12 | 0:00 | SCV | |
13 | 0:12 | SCV | |
14 | 0:18 | Supply Depot | |
14 | 0:25 | SCV | |
15 | 0:39 | SCV | |
15 | 0:40 | Barracks | |
16 | 0:45 | Refinery | |
16 | 0:51 | SCV | |
17 | 1:03 | SCV | |
18 | 1:15 | SCV | |
19 | 1:28 | Reaper | |
19 | 1:29 | Orbital Command | |
20 | 1:48 | Command Center | |
20 | 1:58 | Barracks | |
20 | 2:02 | Marine | |
21 | 2:08 | SCV | |
22 | 2:20 | Supply Depot, SCV | |
23 | 2:40 | Refinery | |
23 | 2:41 | Marine | |
23 | 2:42 | SCV | |
25 | 2:47 | Barracks Tech Lab | |
25 | 2:54 | SCV | |
25 | 3:06 | SCV x2 | |
25 | 3:09 | Marine x2 | |
28 | 3:18 | SCV x2 | |
30 | 3:22 | Stimpack | |
30 | 3:26 | Factory | |
30 | 3:28 | Marine x2 | |
30 | 3:30 | SCV | |
30 | 3:32 | Orbital Command | |
33 | 3:42 | SCV | |
33 | 3:44 | Supply Depot | |
34 | 3:53 | Barracks Reactor | |
34 | 3:54 | Marine, SCV | |
36 | 3:58 | SCV | |
37 | 4:06 | SCV | |
38 | 4:10 | SCV | |
38 | 4:12 | Command Center | |
38 | 4:15 | Starport | |
38 | 4:16 | Marine | |
40 | 4:18 | SCV | |
40 | 4:22 | SCV | |
42 | 4:24 | Factory Reactor | |
42 | 4:28 | Supply Depot | |
42 | 4:29 | Marine x2 | |
42 | 4:30 | SCV | |
45 | 4:34 | Marine, SCV | |
47 | 4:41 | Supply Depot | |
47 | 4:43 | SCV | |
48 | 4:46 | SCV | |
48 | 4:51 | Marine x2 | |
51 | 4:54 | Marine | |
51 | 4:55 | SCV | |
51 | 4:58 | Supply Depot, SCV | |
54 | 5:07 | SCV | |
54 | 5:10 | SCV | |
56 | 5:14 | Refinery | |
56 | 5:15 | Refinery | |
56 | 5:18 | Engineering Bay, Supply Depot | |
56 | 5:19 | SCV | |
57 | 5:22 | Engineering Bay | |
57 | 5:23 | Medivac x2 | |
57 | 5:26 | Marine x2 | |
57 | 5:27 | Marine | |
64 | 5:29 | Factory Tech Lab | |
64 | 5:30 | Orbital Command | |
64 | 5:37 | SCV | |
64 | 5:38 | SCV | |
66 | 5:46 | Terran Infantry Weapons Level 1 | |
66 | 5:48 | Terran Infantry Armor Level 1 | |
66 | 5:50 | Marine x3 | |
66 | 5:51 | Siege Tank | |
66 | 5:52 | SCV x2 | |
74 | 6:04 | Medivac | |
74 | 6:05 | Medivac, SCV | |
74 | 6:06 | SCV | |
74 | 6:08 | Marine x2, SCV | |
74 | 6:10 | Marine | |
84 | 6:22 | SCV x3 | |
87 | 6:26 | Marine | |
87 | 6:27 | Marine | |
87 | 6:28 | Barracks x2, Marine, Siege Tank | |
93 | 6:44 | Medivac, Marine | |
93 | 6:45 | Medivac, Marine | |
93 | 6:46 | SCV | |
93 | 6:47 | SCV | |
101 | 6:54 | SCV | |
101 | 7:02 | Supply Depot | |
101 | 7:03 | Supply Depot | |
101 | 7:04 | Supply Depot | |
101 | 7:09 | Marine | |
101 | 7:11 | SCV | |
101 | 7:12 | Marine | |
100 | 7:19 | Marine | |
101 | 7:23 | Medivac x2, Marine, Siege Tank | |
101 | 7:24 | Marine | |
101 | 7:29 | Marine | |
111 | 7:30 | Marine, SCV | |
111 | 7:31 | Orbital Command, SCV | |
103 | 7:41 | Marine | |
103 | 7:43 | SCV x2 | |
107 | 7:45 | Armory | |
107 | 7:46 | Barracks Reactor | |
107 | 7:47 | Barracks Reactor | |
106 | 7:54 | Marine x2 | |
106 | 7:55 | SCV x2 | |
106 | 7:56 | Medivac x2 | |
106 | 7:57 | Siege Tank | |
106 | 7:58 | SCV | |
118 | 7:59 | Marine | |
118 | 8:07 | SCV x2 | |
118 | 8:10 | SCV | |
118 | 8:12 | Marine, Missile Turret | |
122 | 8:15 | Marauder | |
122 | 8:16 | Marine | |
125 | 8:22 | Command Center, Combat Shields | |
125 | 8:24 | Refinery | |
125 | 8:25 | Refinery | |
125 | 8:45 | Supply Depot | |
125 | 8:49 | Supply Depot | |
125 | 8:52 | Supply Depot | |
125 | 8:56 | Supply Depot | |
125 | 9:06 | Terran Infantry Weapons Level 2 | |
125 | 9:07 | Marine x5, Siege Tank, Terran Infantry Armor Level 2 | |
125 | 9:09 | Terran Vehicle Weapons Level 1 | |
133 | 9:10 | Medivac x2, Marine x2, SCV x2 | |
133 | 9:14 | SCV | |
142 | 9:18 | Barracks | |
142 | 9:19 | Barracks | |
142 | 9:21 | Factory | |
142 | 9:22 | SCV x2 | |
144 | 9:25 | Marine | |
144 | 9:26 | Marine x4, SCV | |
144 | 9:28 | Marine | |
151 | 9:34 | SCV | |
151 | 9:36 | Marine | |
153 | 9:38 | SCV | |
153 | 9:39 | SCV | |
153 | 9:42 | Marine | |
153 | 9:44 | Marine | |
153 | 9:45 | Marauder | |
159 | 9:48 | Marine x3 | |
162 | 9:54 | Marine | |
163 | 10:00 | Marine | |
164 | 10:09 | Marauder, Marine x3 | |
164 | 10:10 | Marine, Barracks Tech Lab x2 | |
164 | 10:11 | Factory Tech Lab | |
164 | 10:12 | Marine | |
164 | 10:13 | Siege Tank | |
161 | 10:14 | Medivac x2 | |
161 | 10:18 | Marine | |
166 | 10:27 | Marine x2 | |
168 | 10:31 | Marauder | |
168 | 10:35 | SCV x2 | |
172 | 10:57 | Armory | |
172 | 11:04 | Starport | |
172 | 11:12 | Planetary Fortress | |
172 | 11:16 | Marine | |
172 | 11:18 | Marine | |
172 | 11:36 | Supply Depot | |
172 | 11:38 | Terran Infantry Weapons Level 3, Supply Depot x2 | |
172 | 11:39 | Terran Infantry Armor Level 3 | |
172 | 11:57 | Marine x3 | |
172 | 11:58 | Marauder x2, SCV | |
172 | 11:59 | Marine x2, Siege Tank x2 | |
172 | 12:00 | Medivac, Marine x2, Viking | |
194 | 12:01 | Refinery | |
194 | 12:08 | Refinery, Terran Vehicle Weapons Level 2 | |
194 | 12:09 | Terran Vehicle And Ship Armor Level 1 | |
194 | 12:15 | Marine x2 | |
194 | 12:20 | Barracks | |
194 | 12:22 | Barracks | |
196 | 12:23 | Barracks | |
196 | 12:32 | Supply Depot | |
196 | 12:34 | Supply Depot | |
196 | 12:40 | Missile Turret | |
196 | 12:53 | Marine | |
196 | 12:54 | Siege Tank | |
200 | 12:58 | Marine | |
200 | 12:59 | Orbital Command, Marauder | |
187 | 13:32 | Supply Depot x2 | |
187 | 13:35 | Supply Depot | |
187 | 13:42 | Starport | |
187 | 13:44 | Factory | |
187 | 13:48 | Starport Reactor | |
187 | 13:54 | Marauder, Marine x4, Siege Tank | |
187 | 13:55 | Supply Depot | |
196 | 13:56 | Marine x4 | |
200 | 14:05 | Siege Tank | |
180 | 14:11 | Marine | |
180 | 14:12 | Marine x3 | |
180 | 14:14 | Marauder x2, Marine x2 | |
180 | 14:16 | Marauder | |
177 | 14:26 | Liberator x3 | |
177 | 14:28 | Terran Vehicle And Ship Armor Level 2, Terran Vehicle Weapons Level 3 | |
177 | 14:29 | Marine x4 | |
181 | 14:31 | Marine | |
181 | 14:34 | Marine | |
181 | 14:35 | Marine, Siege Tank | |
181 | 14:36 | Marauder, Marine | |
190 | 14:42 | Starport Reactor | |
199 | 14:53 | Factory Tech Lab | |
199 | 14:54 | Command Center | |
199 | 15:00 | Marine | |
200 | 15:27 | Liberator x5 | |
200 | 15:28 | Liberator | |
180 | 15:32 | Marine x3 | |
180 | 15:33 | Marauder x3, Marine x3 | |
180 | 15:34 | Siege Tank x3 | |
135 | 15:49 | Marine | |
145 | 15:50 | Marine x2 | |
145 | 15:53 | Marine x2 | |
145 | 15:54 | Marauder, Marine x3 | |
155 | 16:07 | Marine x3 | |
158 | 16:11 | Marine | |
158 | 16:12 | Refinery, Marine x4 | |
158 | 16:13 | Siege Tank x3 | |
158 | 16:14 | Refinery, Liberator | |
158 | 16:15 | Liberator x4 | |
155 | 16:32 | Fusion Core | |
170 | 16:33 | Marauder, Marine | |
170 | 16:34 | Marauder x2, Marine x5 | |
182 | 16:51 | Marine x3 | |
182 | 16:52 | Marine x2 | |
187 | 16:54 | Marine | |
187 | 16:55 | Marauder x2, Marine, Siege Tank | |
187 | 16:56 | Siege Tank | |
187 | 16:59 | Liberator x2 | |
188 | 17:09 | Marine | |
188 | 17:14 | Marine x5 | |
188 | 17:15 | Marauder | |
174 | 17:16 | Marauder, Marine | |
182 | 17:34 | Marine x2 | |
182 | 17:35 | Marauder, Marine x4 | |
182 | 17:36 | Marauder | |
192 | 17:37 | Siege Tank | |
192 | 17:38 | Marauder, Siege Tank | |
200 | 18:06 | Marine x2 | |
168 | 18:27 | Marauder x2, Marine x4 | |
163 | 18:28 | Marauder | |
163 | 18:33 | Marine x2 | |
164 | 18:41 | Liberator | |
164 | 18:42 | Liberator | |
164 | 18:44 | Marine | |
166 | 18:48 | Marauder x2 | |
166 | 18:50 | Marine x2 | |
166 | 18:51 | Marauder, Marine x3 | |
173 | 18:57 | Siege Tank x3 | |
173 | 18:58 | Medivac | |
173 | 19:02 | Marine | |
190 | 19:04 | Orbital Command | |
190 | 19:08 | Marine | |
194 | 19:10 | Marauder x2 | |
194 | 19:12 | Marauder | |
180 | 19:49 | Marauder, Marine x2 | |
180 | 19:50 | Marauder, Marine x5 | |
183 | 20:07 | Marine x3 | |
183 | 20:09 | Marauder | |
183 | 20:11 | Marauder x2, Marine x3 | |
195 | 20:16 | SCV | |
185 | 20:25 | Marine x3 | |
188 | 20:30 | Marauder | |
190 | 20:44 | Refinery | |
190 | 20:47 | Refinery | |
190 | 20:51 | Marauder x3, Marine x2 | |
190 | 20:52 | Marine x2 | |
200 | 21:02 | Marine x2 | |
195 | 21:09 | Marine x2 | |
195 | 21:10 | Marine | |
195 | 21:11 | Marine | |
192 | 21:12 | Marauder x2, Command Center | |
192 | 21:13 | Marauder | |
193 | 21:20 | Marine | |